 Dungeon Crawl Stone Soup version 0.31-a0-145-g046c7d2549 (webtiles) character file.

Game seed: 17193529794432138617

48703 Kenran the Fencer (level 14, -2/106 HPs)
             Began as a Human Monk on June 3, 2023.
             Was the Champion of Hepliaklqana.
             Slain by a cane toad (5 damage)
             ... while petrified by a catoblepas
             ... on level 5 of the Lair of Beasts on June 4, 2023.
             The game lasted 00:32:19 (18571 turns).

Kenran the Fencer (Human Monk)                     Turns: 18571, Time: 00:32:20

Health: -2/106     AC:  9    Str: 14    XL:     14   Next: 88%
Magic:  17/17      EV:  2    Int: 10    God:    Hepliaklqana [******]
Gold:   1089       SH:  0    Dex: 30    Spells: 13/13 levels left

rFire   + . .        a - +6 double sword "Neosof" {heavy, Dex+3}
rCold   + . .        d - orb {light}
rNeg    + + +        J - +0 troll leather armour
rPois   ∞            r - +1 helmet
rElec   .            D - +2 cloak {rPois}
rCorr   .            (no gloves)
SInv    .            (no boots)
Will    +....        Q - amulet of the acrobat
Stlth   +            c - ring of the Empire {rF+ rC+ Str+2 Slay+4}
HPRegen 1.17/turn    y - +6 ring of dexterity
MPRegen 0.15/turn

%: acrobat
@: petrified, glowing
A: reduced essence
a: Renounce Religion, Recall Ancestor, Ancestor Identity, Transference, Idealise


You were on level 5 of the Lair of Beasts.
You worshipped Hepliaklqana.
Hepliaklqana was exalted by your worship.
You visited 3 branches of the dungeon, and saw 17 of its levels.
You also visited: Sewer and Ossuary.

You collected 1089 gold pieces.

Inventory:

Hand Weapons
 a - the +6 double sword "Neosof" (weapon) {heavy, Dex+3}
   (You acquired it on level 4 of the Lair of Beasts)

   Dex:       It affects your dexterity (+3).
 b - a +1 war axe of flaming
 A - a +4 long sword
 N - the +10 sling of Royalism {flame, rF+}
   (You found it on level 3 of the Lair of Beasts)

   rF:        It protects you from fire.
Armour
 d - an orb of light (worn)
 r - a +1 helmet (worn)
 D - a +2 cloak of poison resistance (worn)
 J - a +0 troll leather armour (worn)
Jewellery
 c - the ring of the Empire (left hand) {rF+ rC+ Str+2 Slay+4}
   (You acquired it on level 5 of the Dungeon)

   [ring of slaying]

   Str:       It affects your strength (+2).
   Slay:      It affects your accuracy & damage with ranged weapons and melee
   (+4).
   rF:        It protects you from fire.
   rC:        It protects you from cold.
 y - a +6 ring of dexterity (right hand)
 H - a ring of resist corrosion
 Q - an amulet of the acrobat (around neck)
Wands
 o - a wand of flame (18)
 t - a wand of digging (5)
 F - a wand of mindburst (12)
Scrolls
 g - 2 scrolls of butterflies
 h - 4 scrolls of immolation {!r}
 k - 7 scrolls of magic mapping
 m - 3 scrolls of poison {!r}
 p - a scroll of enchant weapon
 v - 10 scrolls of teleportation
 C - a scroll of fog {unknown}
 G - 7 scrolls of vulnerability {!r}
 L - 2 scrolls of fear {unknown}
 P - a scroll of amnesia {unknown}
Potions
 e - 2 potions of cancellation
 f - 7 potions of mutation {!q}
 i - 3 potions of resistance
 j - 4 potions of heal wounds {@q2}
 l - 3 potions of might
 n - 4 potions of haste
 q - 6 potions of brilliance
 s - 3 potions of magic
 u - 6 potions of curing {@q1}
 w - a potion of berserk rage {!q}
 z - 2 potions of enlightenment
 B - 3 potions of attraction {unknown}
 E - a potion of invisibility {unknown}
 I - a potion of ambrosia
 S - 3 potions of lignification {!q}
Miscellaneous
 x - a condenser vane
 K - a lightning rod (4/4)
 M - a phantom mirror
 O - a piece from Xom's chessboard (15/15)
 R - a phial of floods


   Skills:
 + Level 13.1 Fighting
 - Level 16.0 Long Blades
 - Level 13.0 Dodging
 - Level 5.0 Invocations
 - Level 6.0 Evocations


You had 13 spell levels left.
You didn't know any spells.
Your spell library contained the following spells:

 Spells                   Type           Power      Damage    Failure   Level
 Apportation              Tloc           0%         N/A       43%         1
 Magic Dart               Conj           0%         1d3       43%         1
 Necrotise                Necr           0%         1d4       43%         1
 Shock                    Conj/Air       0%         1d3       43%         1
 Slow                     Hex            0%         N/A       43%         1
 Summon Small Mammal      Summ           0%         N/A       43%         1
 Call Imp                 Summ           0%         N/A       58%         2
 Confusing Touch          Hex            0%         N/A       82%         3
 Mephitic Cloud           Conj/Pois/Air  0%         N/A       82%         3
 Swiftness                Air            0%         N/A       82%         3
 Vampiric Draining        Necr           0%         2d6       82%         3
 Airstrike                Air            0%         2d(0-16)  99%         4
 Anguish                  Hex/Necr       0%         N/A       99%         4
 Cause Fear               Hex            0%         N/A       99%         4
 Enfeeble                 Hex            0%         N/A       100%        7


Dungeon Overview and Level Annotations

Branches:
Dungeon (11/15)            Temple (1/1) D:4            Lair (5/5) D:8
 Shoals (0/4) Lair:3        Snake (0/4) Lair:2        Slime (0/5) Lair:5
    Orc (0/2) D:9           Sewer (visited)         Ossuary (visited)

Altars:
Ashenzari
Cheibriados
Dithmenos
Elyvilon
Fedhas
Gozag
Hepliaklqana
Kikubaaqudgha
Makhleb
Nemelex Xobeh
Okawaru
Qazlal
Ru
Sif Muna
Trog
Uskayaw
Vehumet
Wu Jian
Xom
Yredelemnul
Zin
The Shining One
Jiyva

Shops:
D:3 *   D:4 =   D:5 =   D:8 [

Annotations:
D:4 2 transporters, grizmgrazm2's ghost, amateur OpEE
Lair:2 exclusion: downstairs


Message History

The cane toad stings you!! The catoblepas gores you.
The catoblepas breathes a plume of calcifying dust at you.
The blast of calcifying dust hits you. The cane toad stings you!
The catoblepas breathes in.
The catoblepas gores you. The catoblepas gores you!
You have turned to stone.
You are engulfed in calcifying dust.
Tlalli hits the catoblepas with a +0 flail!
The cane toad stings you.
The catoblepas gores Tlalli!
The catoblepas gores you!!
* * * LOW HITPOINT WARNING * * *
You are engulfed in calcifying dust.
The cane toad stings you but does no damage.
Tlalli barely misses the catoblepas.
The catoblepas gores you!!
* * * LOW HITPOINT WARNING * * *
The catoblepas gores Tlalli!
You are engulfed in calcifying dust.
The cane toad stings you.
* * * LOW HITPOINT WARNING * * *
The catoblepas gores you but does no damage.
The catoblepas breathes a plume of calcifying dust at Tlalli.
The blast of calcifying dust hits Tlalli but does no damage.
You are engulfed in calcifying dust.
The cane toad stings you.
* * * LOW HITPOINT WARNING * * *
Tlalli hits the catoblepas with a +0 flail!
The catoblepas barely misses Tlalli.
The catoblepas gores you!
* * * LOW HITPOINT WARNING * * *
The cane toad stings you.
You are engulfed in calcifying dust.
The cane toad stings you!
* * * LOW HITPOINT WARNING * * *
Tlalli hits the catoblepas with a +0 flail.
The catoblepas gores Tlalli!!
Tlalli is destroyed!
The catoblepas gores you.
The catoblepas bellows!
The cane toad stings you.
* * * LOW HITPOINT WARNING * * *
The catoblepas gores you!
* * * LOW HITPOINT WARNING * * *
The catoblepas gores you but does no damage.
The cane toad stings you!
You die...

###
###.##.....##
....
....#.......#
....
............#
....
............#
....
.........§..#
....
............#
....
#.#..P..§..#
...
###..YY.##
#.. ##.@..P#
#F....#
#.....#
#....##
#.....
......#
#.....#
.....P#


You could see 2 catoblepae and a cane toad.

Vanquished Creatures
  3 catoblepae
  3 hydras
  3 boulder beetles
  A two-headed ogre (D:11)
  7 death yaks
  A skyshark (Lair:3)
  Nergalle (D:11)
  A lindwurm (Lair:3)
  Pikel (D:8)
  2 manticores (Lair:5)
  5 elephants (Lair:2)
  2 black mambas
  10 cane toads
  An unseen horror (D:11)
  Maggie (D:6)
  3 rime drakes
  6 komodo dragons
  A polar bear (Lair:2)
  3 trolls
  4 blink frogs (Lair:2)
  13 dream sheep (Lair:4)
  44 yaks
  2 wraiths
  4 wyverns
  3 basilisks
  3 vampire mosquitoes (D:10)
  4 nagas (Lair:2)
  An acid dragon (D:11)
  8 water moccasins
  A sky beast (D:7)
  5 orc warriors
  An ice beast (D:6)
  8 ogres
  2 black bears
  3 centaurs
  11 wolves
  A phantom (D:4)
  7 kobold brigands
  16 bullfrogs
  A scorpion (D:6)
  9 wights (D:9)
  7 killer bees
  A howler monkey (D:9)
  8 electric eels
  A crimson imp (D:7)
  A lava snake (Lair:1)
  A hound (D:6)
  A gnoll bouda (D:7)
  5 orc priests
  2 iguanas (D:4)
  Crazy Yiuf (D:6)
  2 sleepcaps
  10 orc wizards
  5 hell rats (Lair:3)
  3 mummies (Ossuary)
  Robin (D:4)
  7 gnolls
  13 adders
  7 river rats (Sewer)
  A white imp (D:6)
  2 worms (D:2)
  2 dart slugs
  31 orcs
  5 endoplasms
  2 giant cockroaches (D:1)
  5 gnoll zombies (Ossuary)
  13 goblins
  5 hobgoblins
  6 jackals
  5 quokkas
  8 ball pythons
  5 bats
  5 frilled lizards
  8 gnoll skeletons (Ossuary)
  A goblin skeleton (Ossuary)
  4 goblin zombies (Ossuary)
  4 hobgoblin skeletons (Ossuary)
  4 hobgoblin zombies (Ossuary)
  24 kobolds
  2 kobold skeletons (Ossuary)
  4 kobold zombies (Ossuary)
  2 orc skeletons (Ossuary)
  2 orc zombies (Ossuary)
  17 rats
  6 rat skeletons (Ossuary)
  2 rat zombies (Ossuary)
457 creatures vanquished.

Vanquished Creatures (collateral kills)
  2 hydras
  A boulder beetle (D:11)
  An oklob plant (Lair:3)
  An elephant (D:7)
  A torpor snail (Lair:4)
  5 cane toads
  3 komodo dragons
  8 yaks
  2 basilisks
  Grum (D:11)
  Menkaure (Ossuary)
  3 water moccasins (Lair:4)
  An orc warrior (D:11)
  4 wolves
  A centaur (D:10)
  2 kobold brigands
  A bullfrog (Lair:3)
  2 gnoll sergeants (D:9)
  A howler monkey (D:5)
  3 lava snakes (Lair:1)
  2 orc priests
  A sleepcap (D:7)
  An orc wizard (D:10)
  2 hell rats (Lair:3)
  3 gnolls
  An adder (D:4)
  9 orcs
  A hobgoblin (D:4)
  4 kobolds
  A gnoll skeleton (Ossuary)
  A gnoll zombie (Ossuary)
  A goblin zombie (Ossuary)
  A kobold zombie (Ossuary)
  An orc skeleton (Ossuary)
  A rat zombie (Ossuary)
  A butterfly (Lair:5)
75 creatures vanquished.

Vanquished Creatures (others)
  6 knights
6 creatures vanquished.

Grand Total: 538 creatures vanquished

Notes
Turn   | Place    | Note
-------+----------+-------------------------------------------
     0 | D:1      | Kenran the Human Monk began the quest for the Orb.
     0 | D:1      | Reached XP level 1. HP: 18/18 MP: 1/1
   269 | D:1      | Reached XP level 2. HP: 24/24 MP: 2/2
   563 | D:1      | You fall into a shaft and drop 1 floor!
   579 | D:2      | Found a faded altar of an unknown god.
   648 | D:2      | Reached skill level 4 in Long Blades
   648 | D:2      | Reached XP level 3. HP: 22/29 MP: 3/3
   891 | D:2      | Reached XP level 4. HP: 35/35 MP: 4/4
  1567 | D:2      | Identified the +0 leather armour of the Wasteland {-Cast
                  | rElec rN+}
  1812 | D:3      | Found Uthamapt's General Store.
  1859 | D:3      | Reached skill level 5 in Long Blades
  1924 | D:3      | Reached XP level 5. HP: 18/41 MP: 5/5
  2279 | D:3      | Found a sparkling altar of Nemelex Xobeh.
  2697 | D:4      | Found Anuodont's One-of-a-Kind Rings.
  2756 | D:4      | Noticed Robin
  2772 | D:4      | Reached skill level 6 in Long Blades
  2781 | D:4      | Killed Robin
  2782 | D:4      | Reached XP level 6. HP: 47/47 MP: 6/6
  2912 | D:4      | Noticed a black bear
  2913 | D:4      | Found a transporter.
  2935 | D:4      | Found a glowing drain.
  2965 | Sewer    | Entered a sewer
  3425 | Sewer    | Reached skill level 7 in Long Blades
  3532 | Sewer    | Reached XP level 7. HP: 47/52 MP: 7/7
  4084 | D:4      | Found a staircase to the Ecumenical Temple.
  4105 | Temple   | Entered the Ecumenical Temple
  4275 | Temple   | Upgraded the game from 0.31-a0-142-g31f6795574 to
                  | 0.31-a0-145-g046c7d2549
  4283 | Temple   | Became a worshipper of Hepliaklqana the Forgotten
  4283 | Temple   | Reached * piety under Hepliaklqana
  4283 | Temple   | Reached ** piety under Hepliaklqana
  4364 | D:4      | Noticed grizmgrazm2's ghost (amateur OpEE)
  4367 | D:4      | Found a transporter.
  4380 | D:4      | Remembered your ancestor Tlalli as a knight
  4434 | D:4      | Identified the +8 war axe of Woe {freeze, rPois Str-4 SInv}
  4449 | D:4      | Reached skill level 8 in Long Blades
  4965 | D:5      | Entered Level 5 of the Dungeon
  5223 | D:5      | Found Tuuptaf's Jewellery Boutique.
  5568 | D:5      | Reached XP level 8. HP: 26/52 MP: 8/8
  5968 | D:5      | Identified a scroll of acquirement
  5970 | D:5      | Acquired the ring of the Empire {rF+ rC+ Str+2 Slay+4}
  6053 | D:6      | Reached skill level 9 in Long Blades
  6056 | D:6      | Reached *** piety under Hepliaklqana
  6300 | D:6      | Found a sand-covered staircase.
  6305 | Ossuary  | Entered an ossuary
  6578 | Ossuary  | Noticed Menkaure
  6584 | Ossuary  | Killed Menkaure
  6585 | Ossuary  | Reached skill level 10 in Long Blades
  6851 | D:6      | Found a runed translucent door.
  6852 | D:6      | Noticed Crazy Yiuf
  7042 | D:6      | Noticed Maggie
  7058 | D:6      | Killed Maggie
  7059 | D:6      | Reached XP level 9. HP: 9/62 MP: 9/9
  7613 | D:6      | Killed Crazy Yiuf
  7765 | D:7      | Reached **** piety under Hepliaklqana
  7986 | D:7      | Found a burning altar of Makhleb.
  7987 | D:7      | Found a shimmering altar of Xom.
  8006 | D:7      | Reached skill level 5 in Dodging
  8260 | D:8      | Found a staircase to the Lair.
  8260 | D:8      | Noticed an elephant
  8269 | D:8      | Reached XP level 10. HP: 72/72 MP: 10/10
  8285 | D:7      | Killed an elephant
  8650 | D:8      | Noticed Pikel
  8661 | D:8      | Killed Pikel
  8662 | D:8      | Reached skill level 1 in Invocations
  8662 | D:8      | Reached skill level 1 in Evocations
  8756 | D:8      | Found Kadwuorchu's Armour Shop.
  9582 | D:9      | HP: 3/72 [orc warrior/+0 glaive (10)]
  9786 | D:9      | Reached skill level 11 in Long Blades
 10007 | D:9      | Reached XP level 11. HP: 36/77 MP: 12/12
 10260 | D:9      | Reached skill level 12 in Long Blades
 10336 | D:9      | Found a staircase to the Orcish Mines.
 10525 | D:9      | Reached ***** piety under Hepliaklqana
 11136 | D:10     | Entered Level 10 of the Dungeon
 11150 | D:10     | Found a snail-covered altar of Cheibriados.
 11465 | D:10     | Found a hide-covered altar of Uskayaw.
 11854 | D:10     | Noticed a boulder beetle
 11912 | D:10     | Killed a boulder beetle
 12164 | D:11     | Noticed a boulder beetle
 12193 | D:11     | Killed a boulder beetle
 12236 | D:11     | Noticed a boulder beetle
 12256 | D:11     | Killed a boulder beetle
 12257 | D:11     | Reached skill level 13 in Long Blades
 12257 | D:11     | Reached XP level 12. HP: 36/86 MP: 13/13
 12401 | D:11     | Noticed a boulder beetle
 12417 | D:11     | Killed a boulder beetle
 12495 | D:11     | Noticed Nergalle
 12501 | D:11     | Killed Nergalle
 12596 | D:11     | Reached skill level 10 in Fighting
 12759 | D:11     | Noticed a two-headed ogre
 12769 | D:11     | Killed a two-headed ogre
 12770 | D:11     | Reached skill level 10 in Dodging
 12922 | D:11     | Noticed Grum
 12936 | D:11     | Killed Grum
 13335 | Lair:1   | Entered Level 1 of the Lair of Beasts
 13343 | Lair:1   | Reached skill level 14 in Long Blades
 13986 | Lair:1   | Reached skill level 5 in Evocations
 14296 | Lair:2   | Reached XP level 13. HP: 72/92 MP: 14/14
 14628 | Lair:2   | Found a staircase to the Snake Pit.
 14823 | Lair:2   | Reached ****** piety under Hepliaklqana
 15504 | Lair:3   | Noticed a five-headed hydra
 15741 | Lair:3   | Noticed a catoblepas
 15742 | Lair:3   | Noticed a four-headed hydra
 16179 | Lair:3   | Killed a one-headed hydra
 16180 | Lair:3   | Reached skill level 5 in Invocations
 16266 | Lair:3   | Killed a two-headed hydra
 16282 | Lair:3   | Identified the +10 sling of Royalism {flame, rF+}
 16313 | Lair:3   | Killed a catoblepas
 16538 | Lair:3   | Found a staircase to the Shoals.
 16795 | Lair:4   | Reached XP level 14. HP: 102/102 MP: 17/17
 16822 | Lair:4   | Identified the +1 chain mail "Ehaept" {rN+ Will+ Regen+
                  | Slay+2}
 17229 | Lair:4   | Acquired the +6 double sword "Neosof" {heavy, Dex+3}
 17481 | Lair:5   | Entered Level 5 of the Lair of Beasts
 17590 | Lair:5   | HP: 5/106 [eight-headed hydra (9)]
 18225 | Lair:5   | Found a staircase to the Slime Pits.
 18225 | Lair:5   | Found a viscous altar of Jiyva.
 18229 | Lair:5   | Reached skill level 15 in Long Blades
 18487 | Lair:5   | Reached skill level 16 in Long Blades
 18570 | Lair:5   | HP: 2/106 [catoblepas (4)]
 18571 | Lair:5   | Slain by a cane toad

Illustrated notes

Levels and vault maps discovered:
D:1:      lemuel_arrival_hallway, layout_loops_cross, serial_co_window_serial,
          co_window_paths_b, co_window_paths_b, co_window_corner_a,
          co_window_paths_a, co_window_corner_a, co_window_broadway_c,
          co_window_corner_b, co_window_2corner, co_window_cross_2,
          co_window_4corner_a
D:2:      layout_basic, serial_glass, glass_columns_b, glass_columns_b,
          shapermc_ecumenical_altar_starsandcircs
D:3:      layout_basic, nemelex_altar_shiori, serial_shops, nicolae_shop_crystal
D:4:      layout_loops_ring, minmay_temple_entry_drinking_statues,
          gammafunk_ghost_arena, portal_sewer_entry_d,
          nicolae_shop_unique_rings, uniq_robin
D:5:      layout_loops_corners, serial_shops, kennysheep_little_box
D:6:      layout_basic, enter_ossuary_2, minivault_23,
          minmay_stone_trees_medium, uniq_maggie, uniq_crazy_yiuf_cottage
D:7:      layout_rooms, grunt_temple_overflow_champion_of_chaos,
          dk_noncrumbling_3
D:8:      layout_loops_corners, david_lair_generic, serial_shops,
          nicolae_shop_gibbet_a_chance, serial_bayou, serial_bayou_crossing,
          serial_bayou_lagoon_a, serial_bayou_shore_a, serial_bayou_pond_d,
          uniq_pikel
D:9:      layout_cave_pods, kennysheep_orc_monster_closet_entryway,
          nrook_loot_triangle, blue_anna_alchemist
D:10:     layout_cave_pods, amcnicky_altar_gilded, lemuel_round_altar
D:11:     layout_loops_corners, roderic_serpentine_path, uniq_nergalle,
          uniq_grum
Temple:   bh_familiar_temple
Lair:1:   layout_regular_city, nicolae_lair_liquid_snakes, grunt_megastairs_4
Lair:2:   layout_cave_pods, minmay_snake_entry_guardpost_small,
          grunt_megastairs_5, serial_bayou_shore_b
Lair:3:   layout_misc_corridors, elwin_shoals_entry_rooms,
          hangedman_lair_generics_rect
Lair:4:   hellmonk_destroyed_diamonds, layout_cave_shapes
Lair:5:   evilmike_catoblepas_cave, layout_long_grid, slime_entry_1,
          nicolae_quartered_pool_super, lemuel_fruit_fields, grunt_megastairs_1,
          lemuel_fruit_fields

Skill      XL: |  1  2  3  4  5  6  7  8  9 10 11 12 13 14 |
---------------+-------------------------------------------+-----
Long Blades    | 4 5 6 7 8 10 11 13 14 16 | 16.0
Fighting       | 6 8 9 10 11 13 | 13.1
Dodging        | 6 8 9 11 13 | 13.0
Invocations    | 2 5 |  5.0
Evocations     | 3 5 6 |  6.0

Action                     |  1- 3 |  4- 6 |  7- 9 | 10-12 | 13-15 || total
---------------------------+-------+-------+-------+-------+-------++-------
  Melee: Falchion          |    74 |   217 |    86 |       |       ||   377
         Long sword        |       |       |   253 |   476 |   296 ||  1025
         War axe           |       |       |       |       |    17 ||    17
         Double sword      |       |       |       |       |    98 ||    98
 Invoke: Ancestor Life: Kn |       |       |     1 |       |       ||     1
         Recall Ancestor   |       |       |       |     8 |     3 ||    11
  Evoke: Wand              |       |       |       |     8 |       ||     8
    Use: Scroll            |       |     5 |     8 |     5 |     7 ||    25
         Potion            |       |     6 |       |     3 |     1 ||    10
   Stab: Distracted        |       |       |       |     4 |     1 ||     5
 Armour: Robe              |    14 |    12 |       |       |       ||    26
         Chain mail        |     1 |       |       |       |       ||     1
         Skin              |       |    84 |       |       |       ||    84
         Ring mail         |       |    52 |    88 |       |       ||   140
         Steam dragon scal |       |       |    19 |    69 |       ||    88
         Troll leather arm |       |       |       |    34 |    69 ||   103
  Dodge: Dodged            |    38 |   122 |   227 |   399 |   498 ||  1284

Table legend: (Time is in decaauts)
 A = Elapsed time spent in this place.
 B = Non-inter-level travel time spent in this place.
 C = Inter-level travel time spent in this place.
 D = Time resting spent in this place.
 E = Time spent auto-exploring this place.
 F = Levels seen in this place.
 G = Mean time per level.
                   A        B        C        D        E       F      G
               +--------+--------+--------+--------+--------+-----+--------+
         Total |  18460 |  17359 |   1101 |   2833 |  10569 |  19 |  971.6 |
       Dungeon |  11620 |  10857 |    763 |   1477 |   7135 |  11 | 1056.4 |
        Temple |    201 |    171 |     30 |      0 |    164 |   1 |  201.0 |
          Lair |   5080 |   4772 |    308 |    741 |   2864 |   5 | 1016.0 |
         Sewer |   1083 |   1083 |      0 |    455 |    355 |   1 | 1083.0 |
       Ossuary |    474 |    474 |      0 |    160 |     49 |   1 |  474.0 |
               +--------+--------+--------+--------+--------+-----+--------+

Top non-repeatable levels by time:
     D:9: 1517 daAuts
  Lair:2: 1406 daAuts
     D:8: 1381 daAuts
  Lair:4: 1226 daAuts
     D:6: 1207 daAuts
    D:11: 1086 daAuts
   Sewer: 1083 daAuts
     D:5: 1072 daAuts
     D:4: 1022 daAuts
  Lair:3: 990 daAuts
    D:10: 988 daAuts
  Lair:1: 986 daAuts
     D:1: 975 daAuts
     D:3: 859 daAuts
     D:2: 841 daAuts
